 Dungeon Crawl Stone Soup version 0.29.1-12-g30fa7ad0bf (webtiles) character file.

Game seed: 18383062925024796491

196 xzight the Digger (level 5, -4/38 HPs)
             Began as a Ghoul Earth Elementalist on Dec 29, 2022.
             Killed from afar by Ijyb (9 damage)
             ... with a puff of flame
             ... on level 4 of the Dungeon.
             The game lasted 00:06:06 (3583 turns).

xzight the Digger (Ghoul Earth Elementalist)        Turns: 3583, Time: 00:06:07

Health: -4/38      AC:  2    Str: 12    XL:     5   Next: 74%
Magic:  8/10       EV: 12    Int: 16    God:
Gold:   225        SH:  0    Dex:  9    Spells: 8/12 levels left

rFire   x . .      SeeInvis .   s - +10 spear of Ambiguity {drain, rF- rN+ Int+4}
rCold   + . .      Faith    .   (no shield)
rNeg    + + +      Spirit   .   a - +0 robe
rPois   ∞          Reflect  .   (no helmet)
rElec   .          Harm     .   (no cloak)
rCorr   .          Rampage  .   (no gloves)
Will    .....                   (no boots)
Stlth   ++........              (no amulet)
HPRegen 0.00/turn               (no ring)
MPRegen 0.12/turn               (no ring)

@: inhibited regen
A: claws 1, cold resistance 1, negative energy resistance 3, inhibited
regeneration, torment resistance 2, devour on kill
a: no special abilities


You were on level 4 of the Dungeon.
You visited 1 branch of the dungeon, and saw 4 of its levels.

You collected 225 gold pieces.


Innate Abilities, Weirdness & Mutations

You are immune to poison.
You have sharp fingernails.
Your flesh is cold resistant. (rC+)
You are immune to negative energy. (rN+++)
You do not regenerate when monsters are visible.
You are immune to unholy pain and torment.
You thrive by killing the living.


   Skills:
 - Level 1.7 Dodging
 - Level 2.1 Stealth
 - Level 4.0 Spellcasting
 - Level 0.8 Transmutations
 + Level 4.9 Earth Magic


You had 8 spell levels left.
You knew the following spells:

 Your Spells              Type           Power      Damage    Failure   Level
a - Stone Arrow           Conj/Erth      22%        3d8       19%         3
z - Sandblast             Erth           38%        2d10      2%          1

Your spell library contained the following spells:

 Spells                   Type           Power      Damage    Failure   Level
 Passwall                 Tmut/Erth      10%        N/A       8%          2
 Blink                    Tloc           6%         N/A       26%         2
 Lesser Beckoning         Tloc           3%         N/A       45%         3
 Petrify                  Tmut/Erth      12%        N/A       45%         4
 Irradiate                Conj/Tmut      2%         3d12      98%         5
 Iskenderun's Battlesphe  Conj           3%         2d6       99%         5
 Manifold Assault         Tloc           3%         N/A       99%         5
 Iron Shot                Conj/Erth      5%         9d2       100%        6
 Spellforged Servitor     Conj/Summ      1%         N/A       100%        7
 Blade Hands              Tmut           Unusable   N/A       N/A         5
 Dragon Form              Tmut           Unusable   N/A       N/A         7

Inventory:

Hand Weapons
 n - a +0 sling
 s - the +10 spear of Ambiguity (weapon) {drain, rF- rN+ Int+4}
   (You found it on level 3 of the Dungeon)

   A truly terrible weapon, it drains the life of any living foe it strikes.
   Int:       It affects your intelligence (+4).
   rF:        It makes you vulnerable to fire.
   rN:        It protects you from negative energy.
Missiles
 g - 3 poisoned darts
Armour
 a - a +0 robe (worn)
 o - a scarf of shadows
Jewellery
 r - an amulet of the acrobat
Wands
 y - a wand of digging (9)
Scrolls
 c - 3 scrolls of vulnerability {unknown}
 e - a scroll of poison {unknown}
 h - 3 scrolls of teleportation {unknown}
 l - 3 scrolls of enchant armour {unknown}
 m - 2 scrolls of identify {unknown}
 p - 2 scrolls of blinking {unknown}
 u - a scroll of magic mapping {unknown}
 w - 2 scrolls of enchant weapon {unknown}
 x - a scroll of noise {unknown}
Potions
 b - a potion of magic
 d - 4 potions of heal wounds {unknown}
 f - 2 potions of resistance {unknown}
 i - a potion of ambrosia {unknown}
 j - a potion of curing {unknown}
 k - 2 potions of brilliance {unknown}
 q - a potion of mutation {unknown}
 t - a potion of might {unknown}
 v - a potion of haste {unknown}
 z - a potion of berserk rage {unknown}

Dungeon Overview and Level Annotations

Branches:
Dungeon (4/15)
 Temple: D:4-7

Altars:
Makhleb
Nemelex Xobeh

Annotations:
D:4 Ijyb

.
###########....
#......@g......
##.########....
#.# . #.# #.#
#.# #.#
#....... #.#
#...#..## #.#
#....~..♣#


You could see Ijyb (very drained).


Message History

No target in view!
No target in view!
HP restored.
Found a sedimented white potion.
You see here a +0 war axe.
Found a blackened gold wand.
d - 4 sedimented white potions (gained 1)
y - a wand of digging (9) Ijyb the Twisted Goblin comes into view.
She is wielding a +0 dagger and carrying a wand of flame (26).
Ijyb shouts!
Ijyb zaps a wand.
The puff of flame hits you! The fire burns you terribly!
Ijyb zaps a wand.
The puff of flame hits you!! The fire burns you terribly!
* * * LOW HITPOINT WARNING * * *
You are too injured to fight recklessly!
You are too injured to fight recklessly!
Okay, then.
Aiming: Sandblast (safe; 2% risk of failure)
Press: ? - help, Q - select action, (/) - cycle Shift-Dir - straight line, f - Ijyb
Aim: Ijyb, wielding a +0 dagger, wearing a +0 leather armour and carrying a wand of flame (24) (77% to hit)
The blast of sand hits Ijyb but does no damage.
Aiming: Sandblast (safe; 2% risk of failure)
Press: ? - help, Q - select action, (/) - cycle Shift-Dir - straight line, f/p - Ijyb
Aim: Ijyb, wielding a +0 dagger, wearing a +0 leather armour and carrying a wand of flame (24) (77% to hit)
The blast of sand hits Ijyb.
Ijyb is lightly wounded.
You are too injured to fight recklessly!
You puncture Ijyb! You drain Ijyb.
Ijyb is almost dead.
Ijyb zaps a wand.
The puff of flame hits you! The fire burns you terribly!
You die...

Skill      XL: |  1  2  3  4  5 |
---------------+----------------+-----
Spellcasting   | 2 3 4 |  4.0
Earth Magic    | 4 |  4.9
Dodging        | |  1.7
Stealth        | |  2.1
Transmutations | |  0.8

Action                   |  1- 3 |  4- 6 || total
-------------------------+-------+-------++-------
Melee: Unarmed           |     3 |       ||     3
       Spear             |       |    54 ||    54
       Punch             |       |     1 ||     1
 Fire: Sling             |     8 |    15 ||    23
 Cast: Sandblast         |    73 |     6 ||    79
 Stab: Sleeping          |       |     4 ||     4
       Distracted        |       |     1 ||     1
Armor: Robe              |     4 |     7 ||    11
Dodge: Dodged            |    18 |    11 ||    29

Levels and vault maps discovered:
D:1:      kb_arrival_jail, layout_loops_corners,
          dreamdust_ecumenical_altar_statues
D:2:      layout_loops_ring, basic_altar, st_stairs_11
D:3:      layout_rooms, mainiacjoe_overflow_concentric_impassable,
          minmay_unequal
D:4:      layout_basic, mainiacjoe_overflow_brackets, kennysheep_mini,
          mainiacjoe_overflow_swirl, serial_demonic, serial_demonic_g,
          serial_demonic_a, serial_demonic_g, serial_demonic_f, uniq_ijyb

Notes
Turn   | Place    | Note
-------+----------+-------------------------------------------
     0 | D:1      | xzight the Ghoul Earth Elementalist began the quest for the
                  | Orb.
     0 | D:1      | Reached XP level 1. HP: 14/14 MP: 2/2
     2 | D:1      | Noticed a vine stalker
     2 | D:1      | Noticed a naga
     4 | D:1      | Noticed a formicid
     4 | D:1      | Noticed a merfolk
     6 | D:1      | Noticed a demonspawn
     8 | D:1      | Noticed a vampire
    10 | D:1      | Noticed a spriggan
    10 | D:1      | Noticed a tengu
    12 | D:1      | Noticed a draconian
    12 | D:1      | Noticed a demigod
    14 | D:1      | Noticed a palentonga
    14 | D:1      | Noticed a ghoul
    16 | D:1      | Noticed a meteoran
    16 | D:1      | Noticed an ogre
    18 | D:1      | Noticed an octopode
    20 | D:1      | Noticed an elf
    20 | D:1      | Noticed a human
    22 | D:1      | Noticed a felid
    22 | D:1      | Noticed a troll
    24 | D:1      | Noticed a gargoyle
    24 | D:1      | Noticed a draconian
    26 | D:1      | Noticed a formicid
   176 | D:1      | Reached skill level 2 in Spellcasting
   285 | D:1      | Reached XP level 2. HP: 20/20 MP: 0/4
   695 | D:1      | Found a faded altar of an unknown god.
  1023 | D:1      | Reached XP level 3. HP: 24/26 MP: 3/6
  1069 | D:1      | Reached skill level 3 in Spellcasting
  1493 | D:2      | Learned a level 3 spell: Stone Arrow
  2248 | D:2      | Found a burning altar of Makhleb.
  2311 | D:2      | Reached XP level 4. HP: 33/33 MP: 6/8
  2761 | D:3      | Identified the +10 spear of Ambiguity {drain, rF- rN+
                  | Int+4}
  2918 | D:3      | Reached skill level 4 in Spellcasting
  2918 | D:3      | Reached XP level 5. HP: 37/38 MP: 8/10
  2971 | D:3      | Reached skill level 4 in Earth Magic
  3246 | D:3      | Found a sparkling altar of Nemelex Xobeh.
  3578 | D:4      | Noticed Ijyb
  3583 | D:4      | Killed from afar by Ijyb

Vanquished Creatures
  An orc priest (D:3)
  An orc wizard (D:3)
  3 adders
  A white imp (D:4)
  An ufetubus (D:4)
  3 worms (D:2)
  2 dart slugs
  11 orcs (D:3)
  8 ball pythons
  10 endoplasms
  2 giant cockroaches (D:1)
  9 goblins
  9 hobgoblins
  4 kobolds
  A quokka (D:2)
  2 bats (D:2)
  2 frilled lizards
  4 rats
74 creatures vanquished.

Table legend: (Time is in decaauts)
 A = Elapsed time spent in this place.
 B = Non-inter-level travel time spent in this place.
 C = Inter-level travel time spent in this place.
 D = Time resting spent in this place.
 E = Time spent auto-exploring this place.
 F = Levels seen in this place.
 G = Mean time per level.
                   A        B        C        D        E       F      G
               +--------+--------+--------+--------+--------+-----+--------+
         Total |   3635 |   3537 |     98 |    184 |   2760 |   4 |  908.8 |
       Dungeon |   3635 |   3537 |     98 |    184 |   2760 |   4 |  908.8 |
               +--------+--------+--------+--------+--------+-----+--------+

Top non-repeatable levels by time:
     D:2: 1423 daAuts
     D:1: 1367 daAuts
     D:3: 785 daAuts
     D:4: 59 daAuts

Table legend:
 A = Non-vault XP
 B = Vault XP
 C = Vault XP percentage of total XP
 D = Non-vault monster count
 E = Vault monster count
 F = Vault count percentage of total count
                 A         B        C        D         E       F
            +---------+---------+-------+---------+---------+-------
      Total |     248 |      32 |  11.4 |      66 |       8 |  10.8
            +---------+---------+-------+---------+---------+-------
        D:1 |      40 |       0 |   0.0 |      22 |       0 |   0.0
        D:2 |      54 |       6 |  10.0 |      19 |       3 |  13.6
        D:3 |     154 |       8 |   4.9 |      25 |       3 |  10.7
        D:4 |       0 |      18 | 100.0 |       0 |       2 | 100.0
            +---------+---------+-------+---------+---------+-------
